 Seeded DCSS version 0.27-a0-1499-gf0d5c50 (webtiles) character file.

Game seed: 1173139850227633904 (custom seed)

1576548 edsrzf the Conqueror (level 27, 236/259 (273) HPs)
             Began as a Purple Draconian Fighter on July 5, 2021.
             Was an Initiate of Gozag.
             Escaped with the Orb
             ... and 3 runes on July 7, 2021!
             The game lasted 03:52:28 (84002 turns).

edsrzf the Conqueror (Purple Draconian Fighter)    Turns: 84002, Time: 03:52:29

HP:   236/259 (273) AC: 30    Str: 27    XL:     27
MP:   53/53         EV: 25    Int: 19    God:    Gozag
Gold: 13417         SH:  0    Dex: 20    Spells: 34/60 levels left

rFire    + . .     SeeInvis +   a - +8 glaive of the Guard {elec, spectral, AC+5}
rCold    + . .     Faith    .   (shield currently unavailable)
rNeg     . . .     Spirit   .   (armour unavailable)
rPois    +         Reflect  .   (helmet restricted)
rElec    .         Harm     .   U - +2 cloak {Stlth+}
rCorr    .         Rampage  +   J - +1 pair of gloves "Ridola" {Rampage Dex+6 Slay+3}
Will     +++++     Clarity  +   P - +2 pair of boots {Fly}
Stlth    +.........             F - amulet "Affet" {RegenMP *Corrode Will++ MP+9 SInv}
HPRegen  0.53/turn              Z - ring of the Trout {rPois rF+ Str+6 Int+2 Dex+3}
MPRegen  0.58/turn              W - +4 ring of protection

@: flying, drained
A: breathe power, AC +13, unfitting armour, cold-blooded, clarity, cold
resistance 1, dopey 1, noise suppression
0: Orb of Zot
}: 3/15 runes: barnacled, abyssal, gossamer
a: Breathe Dispelling Energy, Renounce Religion, Potion Petition, Call Merchant,
Bribe Branch


You escaped.
You worshipped Gozag.
Gozag was extremely pleased with you.
You visited 10 branches of the dungeon, and saw 51 of its levels.
You visited the Abyss 1 time.
You also visited: Ossuary, Ice Cave and Wizlab.

You collected 31286 gold pieces.
You spent 6467 gold pieces at shops.
You paid 11402 gold pieces to Gozag.

Inventory:

Hand Weapons
 a - the +8 glaive of the Guard (weapon) {elec, spectral, AC+5}
   (You bought it in a shop on level 8 of the Dungeon)

   Occasionally, upon striking a foe, it can discharge electrical energy and
   cause terrible harm.
   When it strikes, its spirit leaps out and fights alongside the wielder.
   AC:        It affects your AC (+5).
Missiles
 y - 2 curare-tipped darts
 z - 12 throwing nets (quivered) {=f}
 G - 23 boomerangs of dispersal
Armour
 J - the +1 pair of gloves "Ridola" (worn) {Rampage Dex+6 Slay+3}
   (You bought it in a shop on level 2 of the Elven Halls)

   Dex:       It affects your dexterity (+6).
   Slay:      It affects your accuracy & damage with ranged weapons and melee
   (+3).
   Rampage:   It bestows one free step when moving towards enemies.
 P - a +2 pair of boots of flying (worn)
 U - a +2 cloak of stealth (worn)
Jewellery
 d - the ring "Nuzxe" {Fly rC+ Dex+4}
   (You found it in a wizard's laboratory)

   [ring of flight]

   Dex:       It affects your dexterity (+4).
   rC:        It protects you from cold.
   Fly:       It grants you flight.
 e - a ring of protection from cold
 k - a +4 ring of evasion
 l - a ring of positive energy
 s - a ring of fire
 v - the ring "Awokh" {rPois rN+ MP+9 Dex+4 Slay+2}
   (You found it on level 3 of the Abyss)

   [ring of magical power]

   Dex:       It affects your dexterity (+4).
   Slay:      It affects your accuracy & damage with ranged weapons and melee
   (+2).
   rPois:     It protects you from poison.
   rN:        It protects you from negative energy.
   MP:        It affects your magic capacity (+9).
 x - the ring "Vaxixky" {rC++ Int+3 SInv}
   (You took it off a fire giant on level 3 of the Depths)

   [ring of see invisible]

   Int:       It affects your intelligence (+3).
   rC:        It greatly protects you from cold.
   SInv:      It lets you see invisible.
 F - the amulet "Affet" (around neck) {RegenMP *Corrode Will++ MP+9 SInv}
   (You found it in an ice cave)

   [amulet of magic regeneration]

   It increases your rate of magic regeneration.
   MP:        It affects your magic capacity (+9).
   SInv:      It lets you see invisible.
   *Corrode:  It may corrode you when you take damage.
   Will:      It greatly increases your willpower.
 K - a +6 ring of strength
 O - a ring of willpower
 V - a ring of protection from fire
 W - a +4 ring of protection (right hand)
 Y - a ring of positive energy
 Z - the ring of the Trout (left hand) {rPois rF+ Str+6 Int+2 Dex+3}
   (You bought it in a shop on level 9 of the Dungeon)

   [ring of strength]

   Str:       It affects your strength (+6).
   Int:       It affects your intelligence (+2).
   Dex:       It affects your dexterity (+3).
   rF:        It protects you from fire.
   rPois:     It protects you from poison.
Wands
 j - a wand of charming (21)
 m - a wand of acid (18)
 A - a wand of flame (155)
 B - a wand of iceblast (44)
 E - a wand of polymorph (13)
 M - a wand of digging (14)
 T - a wand of paralysis (26)
Scrolls
 b - 8 scrolls of fear
 f - 32 scrolls of identify {@r1}
 h - 2 scrolls of blinking
 o - a scroll of magic mapping
 p - 17 scrolls of teleportation {@r3}
 r - 2 scrolls of silence {!r}
 u - 6 scrolls of fog
 H - a scroll of enchant armour
 I - 2 scrolls of summoning
 N - 3 scrolls of holy word
Potions
 g - 6 potions of invisibility
 i - 3 potions of haste
 n - 3 potions of magic
 q - 10 potions of brilliance
 t - 3 potions of ambrosia
 w - 7 potions of mutation {!q}
 C - 3 potions of berserk rage {!q}
 D - a potion of resistance
 L - 24 potions of curing
 Q - 4 potions of cancellation
 R - 5 potions of heal wounds
Miscellaneous
 S - a box of beasts
 X - a phantom mirror


   Skills:
 O Level 27 Fighting
 - Level 8.3(15.3) Axes
 - Level 19.8(20.3) Polearms
 - Level 17.8 Dodging
 - Level 3.0 Shields
 - Level 17.1 Spellcasting
 - Level 12.0 Hexes
 - Level 3.0 Translocations
 - Level 3.0 Transmutations
 + Level 19.5 Fire Magic
 - Level 7.0 Ice Magic
 - Level 19.0 Air Magic
 - Level 3.0 Earth Magic
 - Level 3.3 Evocations


You had 34 spell levels left.
You knew the following spells:

 Your Spells              Type           Power      Damage    Failure   Level
a - Airstrike             Air            36%        N/A       0%          4
b - Blink                 Tloc           N/A        N/A       1%          2
c - Passwall              Tmut/Erth      22%        N/A       1%          2
o - Ozocubu's Armour      Ice            42%        N/A       1%          3
y - Yara's Violent Unrav  Hex/Tmut       22%        3d10      4%          5
F - Fireball              Conj/Fire      26%        3d12      1%          5
S - Silence               Hex/Air        33%        N/A       1%          5

Your spell library contained the following spells:

 Spells                   Type           Power      Damage    Failure   Level
 Swiftness                Air            73%        N/A       0%          3
 Apportation              Tloc           54%        N/A       1%          1
 Corona                   Hex            64%        N/A       1%          1
 Sandblast                Erth           54%        2d13      1%          1
 Shock                    Conj/Air       100%       1d9       1%          1
 Sting                    Tmut/Pois      84%        1d7       1%          1
 Corpse Rot               Necr/Air       N/A        N/A       1%          2
 Poisonous Vapours        Pois/Air       100%       N/A       1%          2
 Slow                     Hex            58%        N/A       1%          2
 Static Discharge         Conj/Air       51%        N/A       1%          2
 Wereblood                Tmut           27%        N/A       1%          2
 Confusing Touch          Hex            58%        N/A       1%          3
 Dazzling Flash           Conj/Hex       78%        N/A       1%          3
 Mephitic Cloud           Conj/Pois/Air  40%        N/A       1%          3
 Portal Projectile        Hex/Tloc       88%        N/A       1%          3
 Summon Guardian Golem    Hex/Summ       39%        N/A       1%          3
 Tukima's Dance           Hex            58%        N/A       1%          3
 Leda's Liquefaction      Hex/Erth       22%        N/A       1%          4
 Sticky Flame             Conj/Fire      52%        2d7       1%          4
 Summon Lightning Spire   Summ/Air       51%        N/A       1%          4
 Lightning Bolt           Conj/Air       25%        1d41      1%          5
 Metabolic Englaciation   Hex/Ice        25%        N/A       1%          5
 Freezing Cloud           Conj/Ice/Air   24%        6-21      2%          5
 Animate Skeleton         Necr           32%        N/A       3%          1
 Magic Dart               Conj           64%        1d6       3%          1
 Pain                     Necr           64%        1d7       3%          1
 Summon Small Mammal      Summ           64%        N/A       3%          1
 Gell's Gravitas          Tloc           13%        N/A       3%          3
 Lesser Beckoning         Tloc           13%        N/A       3%          3
 Teleport Other           Tloc           27%        N/A       3%          3
 Fulminant Prism          Conj/Hex       19%        3d11      3%          4
 Invisibility             Hex            29%        N/A       3%          6
 Ice Form                 Ice/Tmut       35%        N/A       4%          4
 Bolt of Magma            Conj/Fire/Erth 22%        4d11      4%          5
 Call Imp                 Summ           16%        N/A       5%          2
 Searing Ray              Conj           32%        3d4       5%          2
 Sublimation of Blood     Necr           8%         N/A       5%          2
 Stone Arrow              Conj/Erth      44%        3d9       6%          3
 Ignition                 Fire           37%        3d11      8%          8
 Hailstorm                Conj/Ice       29%        3d8       9%          4
 Summon Mana Viper        Hex/Summ       39%        N/A       9%          5
 Starburst                Conj/Fire      26%        8x6d8     10%         6
 Maxwell's Capacitive Co  Air            36%        ∞         10%         8
 Call Canine Familiar     Summ           16%        N/A       11%         3
 Vampiric Draining        Necr           8%         2d7       11%         3
 Passage of Golubria      Tloc           N/A        N/A       11%         4
 Petrify                  Tmut/Erth      27%        N/A       11%         4
 Iskenderun's Mystic Bla  Conj/Tloc      21%        2d6       19%         4
 Blade Hands              Tmut           13%        N/A       28%         5
 Lee's Rapid Deconstruct  Erth           13%        3d10*     28%         5
 Manifold Assault         Tloc           27%        N/A       28%         5
 Storm Form               Tmut/Air       27%        N/A       32%         7
 Animate Dead             Necr           8%         N/A       34%         4
 Dispel Undead            Necr           16%        3d10      34%         4
 Olgreb's Toxic Radiance  Pois           16%        N/A       34%         4
 Alistair's Intoxication  Tmut/Pois      14%        N/A       47%         5
 Borgnjor's Vile Clutch   Necr/Erth      11%        N/A       47%         5
 Irradiate                Conj/Tmut      10%        3d17      47%         5
 Summon Forest            Summ/Tloc      10%        N/A       47%         5
 Agony                    Necr           16%        N/A       69%         5
 Excruciating Wounds      Necr           8%         N/A       69%         5
 Simulacrum               Ice/Necr       14%        N/A       78%         6
 Dispersal                Tloc           13%        N/A       85%         6
 Statue Form              Tmut/Erth      18%        N/A       85%         6
 Ozocubu's Refrigeration  Ice            21%        4d9       86%         7
 Iron Shot                Conj/Erth      11%        9d3       96%         6
 Death Channel            Necr           8%         N/A       99%         6
 Shadow Creatures         Summ           N/A        N/A       99%         6
 Dragon Form              Tmut           13%        N/A       100%        7
 Malign Gateway           Summ/Tloc      10%        N/A       100%        7
 Monstrous Menagerie      Summ           8%         N/A       100%        7
 Orb of Destruction       Conj           8%         9d4       100%        7
 Spellforged Servitor     Conj/Summ      8%         N/A       100%        7
 Summon Hydra             Summ           8%         N/A       100%        7
 Disjunction              Tloc           13%        N/A       100%        8
 Lehudib's Crystal Spear  Conj/Erth      11%        10d4      100%        8
 Necromutation            Tmut/Necr      10%        N/A       100%        8
 Summon Horrible Things   Summ           8%         N/A       100%        8
 Chain Lightning          Conj/Air       25%        3d34      100%        9
 Fire Storm               Conj/Fire      26%        8d7       100%        9
 Shatter                  Erth           13%        3d14*     100%        9
 Animate Armour           Summ/Erth      Unusable   N/A       N/A         4

Dungeon Overview and Level Annotations

Branches:
Dungeon (15/15)            Temple (0/1) D:7            Lair (6/6) D:10
 Shoals (4/4) Lair:2       Spider (4/4) Lair:4        Slime (0/5) Lair:5
    Orc (2/2) D:10            Elf (3/3) Orc:2        Vaults (4/5) D:13
  Crypt (3/3) Vaults:2       Tomb (0/3) Crypt:3      Depths (5/5) D:15
    Zot (5/5) Depths:5    Ossuary (visited)           IceCv (visited)
 WizLab (visited)

Altars:
Ashenzari
Cheibriados
Elyvilon
Gozag
Kikubaaqudgha
Nemelex Xobeh
Qazlal
Ru
Sif Muna
Xom
Yredelemnul
Zin
The Shining One
Beogh

Shops:
D:2 !   D:4 *   D:5 !   D:8 (   D:9 =   D:10 [[=[   D:15 *   Orc:2 (=((:
Elf:2 [   Elf:3 :*   Shoals:1 :   Vaults:1 *   Vaults:4 [   Depths:2 *=?[?

Portals:
Hell: Depths:1 Depths:2 Depths:3 Depths:4 Depths:5
Abyss: Depths:2 Depths:4
Pandemonium: Depths:3 Depths:5
Ziggurat: Depths:2
Trove: Elf:1 (give 7 scrolls of fog)

Annotations:
D:4 1 runed translucent door, edsrzf's ghost, amateur OpEE
Lair:5 1 runed translucent door, MethLeopard's ghost, journeyman OpEE


Innate Abilities, Weirdness & Mutations

You can breathe bolts of dispelling energy.
Your rich purple scales are hard. (AC +13)
You cannot fit into any form of body armour.
You are cold-blooded and may be slowed by cold attacks.
You possess an exceptional clarity of mind.
Your flesh is cold resistant. (rC+)
You are dopey. (Int -2)
You passively dampen the noise of your surroundings.


Message History

The lorocyproca is severely wounded.
Your spectral +8 glaive of the Guard {elec, spectral, AC+5} closely misses the lorocyproca.
The lorocyproca barely misses you.
You closely miss the lorocyproca.
Your tail-slap misses the lorocyproca.
The lorocyproca is severely wounded.
Your spectral +8 glaive of the Guard {elec, spectral, AC+5} hits the lorocyproca from afar.
You slash the lorocyproca!
You tail-slap the lorocyproca, but do no damage.
The lorocyproca is almost dead.
Your spectral +8 glaive of the Guard {elec, spectral, AC+5} closely misses the lorocyproca.
The lorocyproca barely misses you.
You hit the lorocyproca.
You tail-slap the lorocyproca, but do no damage.
The lorocyproca is almost dead.
Your spectral +8 glaive of the Guard {elec, spectral, AC+5} hits the lorocyproca from afar!!
You kill the lorocyproca!
You slash the monstrous demonspawn!
The monstrous demonspawn is lightly wounded.
Your spectral +8 glaive of the Guard {elec, spectral, AC+5} completely misses the monstrous demonspawn.
The monstrous demonspawn hits you but does no damage.
The monstrous demonspawn barely misses you.
The monstrous demonspawn completely misses you.
You slice the monstrous demonspawn!!
The monstrous demonspawn is moderately wounded.
Your spectral +8 glaive of the Guard {elec, spectral, AC+5} barely misses the monstrous demonspawn.
You completely miss the monstrous demonspawn.
You tail-slap the monstrous demonspawn, but do no damage.
The monstrous demonspawn is moderately wounded.
Your spectral +8 glaive of the Guard {elec, spectral, AC+5} hits the monstrous demonspawn from afar!
Lightning courses through the monstrous demonspawn!
The monstrous demonspawn closely misses you.
The monstrous demonspawn misses you. The monstrous demonspawn gores you.
You feel your attacks grow feeble.
You hit the monstrous demonspawn.
Lightning courses through the monstrous demonspawn!!
The monstrous demonspawn is severely wounded.
Your spectral +8 glaive of the Guard {elec, spectral, AC+5} hits the monstrous demonspawn from afar!
The monstrous demonspawn hits you but does no damage.
The monstrous demonspawn claws you but does no damage.
The monstrous demonspawn gores you.
You feel drained.
You slice the monstrous demonspawn!!
Lightning courses through the monstrous demonspawn!
You kill the monstrous demonspawn!
You rampage towards the torturous black sun!
You closely miss the torturous black sun.
Your spectral +8 glaive of the Guard {elec, spectral, AC+5} hits the torturous black sun!!
The torturous black sun hits you with a +0 mace!
You feel drained.
You barely miss the torturous black sun.
You tail-slap the torturous black sun, but do no damage.
The torturous black sun is lightly wounded.
Your spectral +8 glaive of the Guard {elec, spectral, AC+5} hits the torturous black sun!
Lightning courses through the torturous black sun!
The torturous black sun hits you with a +0 mace.
You slash the torturous black sun!
The torturous black sun is heavily wounded.
Your spectral +8 glaive of the Guard {elec, spectral, AC+5} barely misses the torturous black sun.
You slash the torturous black sun!
The torturous black sun is severely wounded.
Your spectral +8 glaive of the Guard {elec, spectral, AC+5} hits the torturous black sun!
Lightning courses through the torturous black sun!
The torturous black sun hits your spectral +8 glaive of the Guard {elec, spectral, AC+5} but does no damage.
You catch the helpless torturous black sun completely off-guard!
You slice the torturous black sun!!
You kill the torturous black sun!
You now have 13399 gold pieces (gained 5).
Things that are here:
a +0 mace; a +0 scale mail You now have 13411 gold pieces (gained 12).
You see here a +0 scale mail.
(D) Dungeon (T) Temple (L) Lair (A) Shoals (N) Spider Nest (M) Slime Pits (O) Orcish Mines (E) Elven Halls (V) Vaults (C) Crypt (W) Tomb (U) Depths (H) Hell (Z) Zot
Where to? (Enter - D:1 @ (x,y), ? - help)
Your attacks no longer feel as feeble.
(D) Dungeon (T) Temple (L) Lair (A) Shoals (N) Spider Nest (M) Slime Pits (O) Orcish Mines (E) Elven Halls (V) Vaults (C) Crypt (W) Tomb (U) Depths (H) Hell (Z) Zot
Where to? (Enter - D:1 @ (x,y), ? - help)
A lorocyproca comes into view.
You closely miss the lorocyproca.
Your tail-slap misses the lorocyproca.
Your spectral +8 glaive of the Guard {elec, spectral, AC+5} hits the lorocyproca from afar!
You slice the lorocyproca!!
The lorocyproca is heavily wounded.
Your spectral +8 glaive of the Guard {elec, spectral, AC+5} hits the lorocyproca from afar!
The lorocyproca hits you but does no damage.
You cut the lorocyproca into ribbons!!!
You kill the lorocyproca!
You now have 13417 gold pieces (gained 6).
(D) Dungeon (T) Temple (L) Lair (A) Shoals (N) Spider Nest (M) Slime Pits (O) Orcish Mines (E) Elven Halls (V) Vaults (C) Crypt (W) Tomb (U) Depths (H) Hell (Z) Zot
Where to? (Enter - D:1 @ (x,y), ? - help)
There is an open gate here.
There is an open door here.
There is a staircase leading out of the dungeon here.
You have escaped!

###################
#....#.......#....#
#.⌠..'.8...8.#..@.#
#....#...⌠...#....#
#....#.8...8.'....#
###..#.......#..###
♣♣####..8.8..####
.♣♣♣ #.......# ♣♣♣
...♣♣###...###♣♣.♣#
.....♣♣#'''#♣♣♣...#
##...............♣#


There were no monsters in sight!

Vanquished Creatures
  A dread lich (Zot:5)
  An ancient lich (Vaults:3)
  3 orbs of fire
  Mara (Shoals:4)
  A juggernaut (Depths:3)
  Boris (twice) (Crypt:2 D:15)
  Saint Roka (Depths:1)
  6 Killer Klowns (Zot:5)
  5 caustic shrikes
  2 golden dragons
  3 bone dragons
  Arachne (Spider:2)
  2 hellephants (Abyss:3)
  The ghost of Muvus the Executioner, an adept DsFi of Uskayaw (Vaults:1)
  A Cloud Mage (WizLab)
  An Ice Fiend (Depths:2)
  2 electric golems (Zot:5)
  8 tentacled monstrosities
  Jorgrun (D:15)
  13 liches
  19 Orb Guardians
  2 deep elf master archers (Elf:3)
  2 deep elf blademasters (Elf:3)
  3 ancient champions
  Asterion (Depths:1)
  10 death cobs
  An eldritch tentacle (Zot:5)
  3 krakens
  Polyphemus (Shoals:2)
  2 Executioners
  3 shadow dragons
  5 tentacled starspawn
  10 sphinxes
  A tengu reaver (Depths:4)
  A pandemonium lord (D:15)
  3 draconian monks
  Kirke (Lair:4)
  The ghost of Huol the Warrior, an adept FoFi of Okawaru (Elf:2)
  6 storm dragons
  2 revenants
  2 draconian knights
  An azure jelly (IceCv)
  10 fire giants
  Ilsuiw (Shoals:4)
  2 orc warlords
  6 ghost moths
  7 emperor scorpions
  5 deep elf sorcerers (Elf:3)
  Aizul (Elf:1)
  An iron dragon (Depths:5)
  14 vault wardens
  3 draconian scorchers
  Louise (Depths:4)
  6 frost giants
  4 spectral caustic shrikes (Depths:4)
  3 curse skulls
  A draconian stormcaller (Depths:5)
  A balrug (Depths:2)
  13 ghouls
  3 spriggan defenders
  3 deep elf elementalists (Elf:3)
  4 draconian shifters
  3 draconian annihilators
  18 ironbound preservers
  19 stone giants
  6 war gargoyles
  23 very ugly things
  2 reapers
  2 quicksilver oozes (IceCv)
  A green draconian (Zot:5)
  2 black suns
  4 vampire knights
  3 deep elf demonologists (Elf:3)
  9 black draconians
  2 lorocyprocas (D:1)
  5 purple draconians
  6 deep elf annihilators (Elf:3)
  8 starcursed masses (Abyss:3)
  5 entropy weavers
  17 red draconians
  7 white draconians
  5 yellow draconians
  4 spark wasps
  15 dire elephants
  7 merfolk javelineers
  4 ettins
  Snorg (D:11)
  12 deep elf death magi
  2 crystal guardians
  An eidolon (Crypt:1)
  4 blizzard demons
  9 merfolk impalers
  A mummy priest (Crypt:3)
  6 fire dragons
  9 great orbs of eyes
  4 jiangshi
  11 yaktaur captains
  2 quicksilver dragon skeletons
  6 rakshasas
  A monstrous demonspawn (D:1)
  9 vault guards
  4 deep elf high priests
  3 spriggan air magi (WizLab)
  2 hydras (Lair:6)
  4 peacekeepers
  5 catoblepae
  10 ironbound thunderhulks
  9 boulder beetles
  Harold (D:10)
  9 ice dragons
  The ghost of Xaytacwe the Reanimator, a journeyman GnNe of Cheibriados (Lair:1)
  A hell beast (Depths:4)
  18 centaur warriors
  5 merfolk avatars
  11 ironbound frosthearts
  An ogre mage (D:15)
  6 merfolk aquamancers
  3 ghost crabs (WizLab)
  2 satyrs
  11 two-headed ogres
  4 deep troll shamans
  3 death knights
  3 death yaks (Shoals:2)
  11 tengu warriors
  5 vampire magi
  6 orc high priests (Orc:2)
  3 deep troll earth magi
  5 ironbound beastmasters
  5 hell hogs
  5 spriggan berserkers
  A shock serpent (WizLab)
  7 soul eaters
  20 deep elf knights
  11 hell knights
  A sixfirhy (D:15)
  4 wretched stars
  The ghost of Caczuus the Covert, a novice SpEE of Ashenzari (Lair:1)
  6 iron trolls
  6 sun demons
  2 salamander mystics
  11 shadow wraiths
  65 skeletal warriors
  5 death drakes (WizLab)
  An infernal demonspawn (D:15)
  11 sea snakes
  59 deep trolls
  2 spatial maelstroms (Abyss:3)
  2 spriggan druids (Depths:4)
  4 glowing orange brains
  3 ghost moth zombies
  7 phantasmal warriors
  15 wizards
  3 quicksilver dragon simulacra (Crypt:1)
  5 bog bodies
  10 deep elf archers
  10 harpies
  Pikel (D:5)
  7 flayed ghosts
  5 lindwurms
  13 ironbound convokers
  An anaconda skeleton (Crypt:3)
  A sphinx zombie (Vaults:2)
  27 deep elf pyromancers
  35 deep elf zephyrmancers
  A golden dragon skeleton (Crypt:3)
  5 necromancers
  20 wolf spiders
  8 orc knights
  A shadow dragon skeleton (Crypt:3)
  A frost giant zombie (Crypt:2)
  12 orb spiders
  6 orc sorcerers
  8 cyclopes
  9 manticores
  38 ugly things
  9 large abominations
  A faun (Shoals:3)
  2 tengu skeletons (Vaults:2)
  A shining eye (Depths:2)
  2 stone giant skeletons
  3 human skeletons (Vaults:2)
  8 merfolk sirens
  13 moths of wrath
  A shock serpent zombie (Crypt:2)
  5 fire giant skeletons
  6 salamanders
  3 frost giant skeletons
  An iron dragon skeleton (Crypt:3)
  An ice statue (IceCv)
  21 vault sentinels
  A torpor snail (shapeshifter) (Vaults:3)
  3 water nymphs (Shoals:3)
  4 black mambas
  3 torpor snails
  A water nymph (shapeshifter) (Depths:3)
  A storm dragon simulacrum (Crypt:1)
  Joseph (Lair:1)
  14 elephants
  An elephant slug zombie (Crypt:2)
  5 apocalypse crabs
  An orange demon (D:15)
  10 gargoyles
  2 yaktaur zombies (Vaults:4)
  10 smoke demons
  A cane toad (shapeshifter) (D:11)
  A catoblepas zombie (Crypt:3)
  Maggie (D:10)
  13 cane toads
  An alligator snapping turtle zombie (Crypt:2)
  2 hellions
  A swamp worm zombie (Crypt:2)
  3 unseen horrors
  6 rime drakes
  A rime drake (shapeshifter) (D:15)
  A kobold demonologist (D:11)
  2 human zombies (Vaults:1)
  4 efreet
  40 yaktaurs
  19 demonic crawlers
  19 komodo dragons
  15 freezing wraiths
  4 tengu conjurers
  A yaktaur skeleton (Vaults:2)
  5 red devils
  3 guardian mummies (Crypt:3)
  An ice devil (D:15)
  3 polar bears
  44 merfolk
  14 trolls
  6 ancient zymes
  A catoblepas skeleton (Crypt:3)
  2 hellwings
  A tengu simulacrum (Vaults:4)
  A silent spectre (Abyss:1)
  3 meliai (D:13)
  A meliai (shapeshifter) (D:14)
  27 jumping spiders
  A shadow dragon simulacrum (Crypt:1)
  13 wind drakes
  16 hornets
  2 iron dragon simulacra (Crypt:1)
  A hydra skeleton (Crypt:3)
  8 snapping turtles
  23 blink frogs
  51 slime creatures
  A wolf spider simulacrum (Crypt:1)
  21 dream sheep
  A frost giant simulacrum (Crypt:1)
  3 fire giant simulacra (Crypt:1)
  3 flying skulls (Crypt:2)
  8 air elementals
  A centaur simulacrum (D:14)
  22 wraiths
  69 redbacks
  6 spriggans
  33 tarantellas
  A vampire (D:13)
  7 wyverns
  Sigmund (D:6)
  22 water elementals
  44 yaks
  9 shadows
  2 ynoxinuls (Abyss:3)
  11 fire elementals (Zot:3)
  5 hogs (Lair:4)
  A basilisk (shapeshifter) (D:8)
  A black mamba skeleton (Crypt:3)
  A fire bat (D:9)
  5 basilisks
  15 vampire mosquitoes
  2 human simulacra (Vaults:2)
  5 neqoxecs
  6 spatial vortices (Abyss:3)
  Menkaure (D:4)
  2 steam dragons
  2 acid dragons
  6 wargs
  4 hydra simulacra (Crypt:1)
  6 demonic crawler simulacra (IceCv)
  An orb spider zombie (Crypt:1)
  A floating eye (Depths:2)
  20 water moccasins
  23 orc warriors
  8 small abominations
  3 ice beasts
  3 ugly thing simulacra (IceCv)
  A cane toad skeleton (Abyss:2)
  10 ogres
  2 swamp drakes (D:10)
  A black mamba simulacrum (Crypt:1)
  6 necrophages
  A sky beast (D:8)
  2 black bears
  An ice dragon simulacrum (Crypt:1)
  An elf simulacrum (Vaults:4)
  An ettin simulacrum (Crypt:1)
  14 wolves
  3 boggarts (Vaults:3)
  23 centaurs
  2 phantoms
  An elephant skeleton (Crypt:1)
  2 kobold brigands
  4 lemures (D:5)
  An elf zombie (Crypt:3)
  A draconian zombie (Crypt:1)
  An octopode zombie (Crypt:1)
  12 bullfrogs
  3 earth elementals
  6 water moccasin zombies
  4 gnoll sergeants
  3 scorpions
  A glowing shapeshifter simulacrum (IceCv)
  A manticore simulacrum (Crypt:1)
  A water moccasin skeleton (D:6)
  3 killer bees
  A snapping turtle simulacrum (Crypt:1)
  3 troll skeletons
  11 wights
  3 howler monkeys
  5 electric eels
  6 centaur zombies
  A demonspawn zombie (Crypt:2)
  2 quasits
  46 orc priests
  3 bullfrog skeletons
  2 jellies (D:6)
  3 iron imps
  3 iguanas
  Ijyb (D:3)
  22 orc wizards
  A tengu zombie (Crypt:2)
  10 mummies
  A hound skeleton (D:5)
  2 howler monkey zombies (D:8)
  4 adders
  13 white imps
  3 ufetubi
  4 adder zombies (Ossuary)
  A worm (D:4)
  105 orcs
  5 ball pythons
  5 bats
  6 endoplasms
  2 giant cockroaches
  6 gnoll zombies (Ossuary)
  6 goblins
  7 hobgoblins
  9 jackals
  2 frilled lizards
  5 hobgoblin zombies (Ossuary)
  6 kobolds
  6 kobold zombies (Ossuary)
  7 orc zombies
  2 rats (D:1)
  A fire vortex (Depths:1)
  A plant (Lair:3)
  7 starspawn tentacles
  17 tentacles
2457 creatures vanquished.

Vanquished Creatures (collateral kills)
  A spark wasp (Spider:4)
  2 hornets (Spider:4)
3 creatures vanquished.

Vanquished Creatures (others)
  A shadow dragon (Zot:3)
  A draconian shifter (Zot:3)
  3 red draconians (Zot:3)
  A merfolk aquamancer (Shoals:4)
  27 dancing weapons
  A moth of wrath (Zot:3)
  3 air elementals (WizLab)
  A redback (Spider:4)
  2 fire elementals (Zot:3)
  A bush (Lair:6)
  32 fungi
  117 plants
  8 starspawn tentacles
  19 tentacles
  6 toadstools (D:8)
223 creatures vanquished.

Grand Total: 2683 creatures vanquished

Notes
Turn   | Place    | Note
-------+----------+-------------------------------------------
     0 | D:1      | edsrzf the Draconian Fighter began the quest for the Orb.
     0 | D:1      | Reached XP level 1. HP: 19/19 MP: 1/1
   198 | D:1      | Got Sif Muna's Handbook of Summoning and Intoxication
   518 | D:1      | Reached XP level 2. HP: 25/26 MP: 2/2
   536 | D:1      | Reached skill level 3 in Axes
  1075 | D:1      | Upgraded the game from 0.27-a0-1449-g2826321 to
                  | 0.27-a0-1456-gf5a1169
  1149 | D:2      | Found Ziexegol's Distillery.
  1162 | D:2      | Bought a potion of degeneration for 13 gold pieces
  1614 | D:2      | Reached XP level 3. HP: 31/31 MP: 3/3
  2230 | D:3      | Reached skill level 4 in Axes
  2262 | D:3      | Noticed Ijyb
  2351 | D:3      | Killed Ijyb
  2352 | D:3      | Reached XP level 4. HP: 30/38 MP: 4/4
  2421 | D:3      | Noticed an ogre
  2617 | D:3      | Reached skill level 5 in Axes
  2656 | D:3      | Reached XP level 5. HP: 10/45 MP: 5/5
  3238 | D:4      | Found Bexo's Assorted Antiques.
  3521 | D:4      | Noticed Menkaure
  3601 | D:4      | Killed Menkaure
  3602 | D:4      | Reached skill level 6 in Axes
  3602 | D:4      | Reached XP level 6. HP: 51/51 MP: 6/6
  3668 | D:4      | Identified 5 scrolls of identify
  3668 | D:4      | Identified 2 potions of invisibility
  3669 | D:4      | Identified a potion of flight
  3670 | D:4      | Identified a potion of haste
  3671 | D:4      | Identified a potion of cancellation
  3672 | D:4      | Identified a potion of brilliance
  3678 | D:4      | Reached skill level 7 in Axes
  3751 | D:4      | Found a runed translucent door.
  4152 | D:4      | Noticed edsrzf's ghost (amateur OpEE)
  4259 | D:5      | Entered Level 5 of the Dungeon
  4259 | D:5      | Found Zoezu's Distillery.
  4259 | D:5      | Noticed Pikel
  4580 | D:5      | Your scales start taking on a rich purple colour.
  4580 | D:5      | Reached XP level 7. HP: 50/57 MP: 7/7
  4753 | D:5      | Reached skill level 8 in Axes
  5070 | D:5      | Found a shimmering altar of Xom.
  5071 | D:5      | Found a glowing silver altar of Zin.
  5071 | D:5      | Found a sacrificial altar of Ru.
  5071 | D:5      | Found an opulent altar of Gozag.
  5081 | D:5      | Became a worshipper of Gozag Ym Sagoz the Greedy
  5099 | D:5      | Reached skill level 3 in Dodging
  5130 | D:5      | Killed Pikel
  5131 | D:5      | Reached skill level 5 in Fighting
  5131 | D:5      | Reached skill level 4 in Dodging
  5131 | D:5      | Reached XP level 8. HP: 45/69 MP: 8/8
  5392 | D:4      | Bought an orange potion for 20 gold pieces
  5392 | D:4      | Bought a scroll labelled GIECUV MIDOSTRI for 23 gold pieces
  5392 | D:4      | Bought a scroll labelled EVETIK ESOVAO for 23 gold pieces
  5392 | D:4      | Bought a scroll labelled TAFAONWARU for 23 gold pieces
  5904 | D:6      | Identified a potion of heal wounds
  6133 | D:6      | Reached skill level 6 in Fighting
  6249 | D:6      | Reached skill level 5 in Dodging
  6249 | D:6      | Reached skill level 1 in Spellcasting
  6259 | D:6      | Reached skill level 2 in Spellcasting
  6344 | D:6      | Noticed Sigmund
  6631 | D:6      | Reached skill level 3 in Spellcasting
  6916 | D:6      | Reached skill level 6 in Dodging
  6955 | D:6      | Killed Sigmund
  6956 | D:6      | Reached skill level 4 in Spellcasting
  6956 | D:6      | Reached XP level 9. HP: 57/75 MP: 13/15
  7406 | D:6      | Found a stormy altar of Qazlal.
  7407 | D:6      | Found a glowing golden altar of the Shining One.
  7610 | D:5      | Reached skill level 5 in Spellcasting
  7773 | D:7      | Reached skill level 1 in Evocations
  7886 | D:7      | Reached skill level 2 in Evocations
  7921 | D:7      | Reached skill level 7 in Dodging
  7953 | D:7      | Found a sand-covered staircase.
  7962 | Ossuary  | Entered an ossuary
  8175 | Ossuary  | Reached skill level 3 in Evocations
  8478 | D:7      | Reached skill level 7 in Fighting
  8683 | D:7      | Noticed a gargoyle
  8813 | D:7      | Killed a gargoyle
  8814 | D:7      | Reached skill level 8 in Fighting
  9108 | D:7      | Found a staircase to the Ecumenical Temple.
  9746 | D:7      | Identified 2 potions of berserk rage
  9914 | D:8      | Found a sparkling altar of Nemelex Xobeh.
  9931 | D:8      | Reached skill level 9 in Fighting
 10017 | D:8      | Reached XP level 10. HP: 71/91 MP: 17/17
 10799 | D:8      | Identified 2 potions of attraction
 10809 | D:8      | Reached skill level 10 in Fighting
 10835 | D:8      | HP: 3/93 [ice beast (14)]
 11137 | D:8      | Identified a potion of lignification
 11300 | D:8      | Reached skill level 11 in Fighting
 11661 | D:8      | Noticed a centaur warrior
 11679 | D:8      | Killed a centaur warrior
 11878 | D:8      | Reached skill level 12 in Fighting
 12046 | D:8      | Noticed a centaur warrior
 12046 | D:8      | Noticed a gargoyle
 12047 | D:8      | Noticed a boulder beetle
 12050 | D:8      | Noticed a cyclops
 12056 | D:8      | Noticed a skeletal warrior
 12056 | D:8      | Noticed a cyclops
 12061 | D:8      | Killed a gargoyle
 12062 | D:8      | Killed a centaur warrior
 12499 | D:8      | Reached skill level 13 in Fighting
 12499 | D:8      | Reached XP level 11. HP: 98/107 MP: 18/18
 13037 | D:9      | Reached skill level 1 in Polearms
 13156 | D:9      | Reached skill level 2 in Polearms
 13303 | D:9      | Found Soneggoo's Jewellery Boutique.
 13857 | D:9      | Found a white marble altar of Elyvilon.
 13948 | D:9      | Found a basalt altar of Yredelemnul.
 14050 | D:10     | Entered Level 10 of the Dungeon
 14082 | D:10     | Reached skill level 3 in Polearms
 14460 | D:10     | Reached skill level 4 in Polearms
 14681 | D:10     | Found a staircase to the Orcish Mines.
 14878 | D:10     | Noticed a sea snake
 14964 | D:10     | Identified a potion of curing
 15001 | D:9      | Reached skill level 5 in Polearms
 15037 | D:8      | Bought the +8 glaive of the Guard {elec, spectral, AC+5}
                  | for 1094 gold pieces
 15037 | D:8      | Found the +8 glaive of the Guard {elec, spectral, AC+5}
 15182 | D:10     | Noticed Maggie
 15188 | D:10     | Killed Maggie
 15275 | D:10     | Reached skill level 6 in Polearms
 15539 | D:10     | Noticed Harold
 15554 | D:10     | Reached skill level 7 in Polearms
 15573 | D:10     | Killed Harold
 15574 | D:10     | Reached skill level 8 in Polearms
 15740 | D:10     | Found a staircase to the Lair.
 15923 | D:10     | Noticed a two-headed ogre
 15938 | D:10     | Killed a two-headed ogre
 15939 | D:10     | Reached skill level 9 in Polearms
 16342 | D:11     | Noticed a two-headed ogre
 16346 | D:11     | Killed a two-headed ogre
 16384 | D:11     | Reached XP level 12. HP: 58/115 MP: 19/19
 16389 | D:11     | Reached skill level 10 in Polearms
 16714 | D:11     | Noticed a two-headed ogre
 16723 | D:11     | Killed a two-headed ogre
 16724 | D:11     | Reached skill level 11 in Polearms
 16745 | D:11     | Noticed a tengu warrior
 16748 | D:11     | Killed a tengu warrior
 17017 | D:11     | Reached skill level 12 in Polearms
 17176 | D:11     | Noticed Snorg
 17182 | D:11     | Killed Snorg
 17481 | D:11     | Noticed a two-headed ogre
 17484 | D:11     | Killed a two-headed ogre
 17485 | D:11     | Reached skill level 13 in Polearms
 18063 | D:12     | Reached XP level 13. HP: 51/122 MP: 20/20
 18435 | D:12     | Reached skill level 14 in Polearms
 18974 | D:8      | Identified the -5 pair of gloves of Xotet {rElec rPois rF++
                  | Str-3 Slay+2}
 19107 | D:9      | Bought the ring of the Trout {rPois rF+ Str+6 Int+2 Dex+3}
                  | for 1220 gold pieces
 19162 | Lair:1   | Entered Level 1 of the Lair of Beasts
 19225 | Lair:1   | Noticed Joseph
 19232 | Lair:1   | Killed Joseph
 19372 | Lair:1   | Found a runed translucent gate.
 19372 | Lair:1   | Found a runed translucent gate.
 19452 | Lair:1   | Reached skill level 15 in Polearms
 19471 | Lair:1   | Identified a scroll of fear
 19472 | Lair:1   | Identified a scroll of silence
 19473 | Lair:1   | Identified a scroll of enchant weapon
 19474 | Lair:1   | Identified a scroll of noise
 19667 | Lair:1   | Found a runed translucent gate.
 19672 | Lair:1   | Noticed Xaytacwe's ghost (journeyman GnNe)
 19672 | Lair:1   | Noticed Caczuus's ghost (novice SpEE)
 19969 | Lair:1   | Killed Xaytacwe's ghost
 19976 | Lair:1   | Killed Caczuus's ghost
 20002 | Lair:1   | Identified a potion of magic
 20204 | Lair:2   | Identified 6 scrolls of immolation
 20237 | Lair:2   | Found a staircase to the Shoals.
 20468 | Lair:2   | Reached skill level 16 in Polearms
 21612 | Lair:3   | Identified a scroll of summoning
 21613 | Lair:3   | Identified 5 scrolls of magic mapping
 21614 | Lair:3   | Identified 5 scrolls of enchant armour
 21616 | Lair:3   | Identified 3 scrolls of acquirement
 21616 | Lair:3   | Acquired a book of Touch
 21622 | Lair:3   | Acquired a manual of Dodging
 21624 | Lair:3   | Acquired the +0 pair of gloves of Conscience {rC+ rN+}
 22061 | Lair:3   | Identified the +9 falchion "Plog" {flame, *Corrode rC++
                  | rN+}
 22063 | Lair:3   | Identified 3 scrolls of blinking
 22064 | Lair:3   | Identified 3 scrolls of torment
 22274 | Lair:4   | Found a hole to the Spider Nest.
 22290 | Lair:4   | Identified 3 scrolls of fog
 22293 | Lair:4   | Identified 4 scrolls of amnesia
 22455 | Lair:4   | You fall into a shaft and drop 2 floors!
 22455 | Lair:6   | Entered Level 6 of the Lair of Beasts
 22459 | Lair:6   | Reached XP level 14. HP: 125/129 MP: 21/21
 22507 | Lair:6   | Reached skill level 8 in Dodging
 22570 | Lair:6   | Reached skill level 17 in Polearms
 22737 | Lair:6   | Reached skill level 9 in Dodging
 23132 | Lair:6   | Reached skill level 10 in Dodging
 23369 | Lair:5   | Identified the +0 robe of the Exiled Ultimatums {Will+
                  | Dex+2 Stlth-}
 23392 | Lair:5   | Found a staircase to the Slime Pits.
 23428 | Lair:5   | Found a frozen archway.
 23496 | IceCv    | Entered an ice cave
 23579 | IceCv    | Reached skill level 11 in Dodging
 23879 | IceCv    | Noticed a quicksilver ooze
 23882 | IceCv    | Killed a quicksilver ooze
 23981 | IceCv    | Found a viscous altar of Jiyva.
 23981 | IceCv    | Noticed an azure jelly
 23987 | IceCv    | Noticed a quicksilver ooze
 23989 | IceCv    | Killed an azure jelly
 23994 | IceCv    | Killed a quicksilver ooze
 23995 | IceCv    | Reached skill level 12 in Dodging
 24223 | IceCv    | Identified the amulet "Affet" {RegenMP *Corrode Will++ MP+9
                  | SInv}
 24400 | Lair:4   | Reached skill level 18 in Polearms
 24581 | Lair:4   | Noticed Kirke
 24601 | Lair:4   | Killed Kirke
 25229 | Lair:5   | Found a runed translucent door.
 25232 | Lair:5   | Noticed MethLeopard's ghost (journeyman OpEE)
 25240 | Lair:5   | Reached XP level 15. HP: 135/135 MP: 22/22
 25735 | Lair:6   | Reached skill level 13 in Dodging
 25862 | Lair:6   | Identified a potion of ambrosia
 26198 | Lair:6   | Acquired a book of Vapours
 26894 | D:13     | Identified a scroll of brand weapon
 27196 | D:13     | Found a gate to the Vaults.
 27391 | D:13     | Reached skill level 14 in Dodging
 28434 | D:14     | Reached skill level 19 in Polearms
 28950 | Orc:1    | Entered Level 1 of the Orcish Mines
 29503 | Orc:2    | Entered Level 2 of the Orcish Mines
 29536 | Orc:2    | Found a staircase to the Elven Halls.
 29707 | Orc:2    | Noticed an orc warlord
 29727 | Orc:2    | Killed an orc warlord
 30184 | Orc:2    | Found Hites's Book Boutique.
 30312 | Orc:2    | Found Hunlow's Weapon Shoppe.
 30516 | Orc:2    | Found Ysiahad's Weapon Shoppe.
 30561 | Orc:2    | Found Pirom's Jewellery Boutique.
 30571 | Orc:2    | Found Dagabri's Weapon Shoppe.
 30833 | D:15     | Entered Level 15 of the Dungeon
 30897 | D:15     | Reached XP level 16. HP: 109/144 MP: 24/24
 31136 | D:15     | Reached skill level 6 in Spellcasting
 31667 | D:15     | Found a broken altar of Ashenzari.
 31756 | D:15     | Reached skill level 7 in Spellcasting
 31973 | D:15     | Noticed Jorgrun
 31986 | D:15     | Killed Jorgrun
 31987 | D:15     | Reached skill level 14 in Fighting
 32795 | D:15     | Reached skill level 8 in Spellcasting
 32817 | D:15     | Found a staircase to the Depths.
 32832 | D:15     | Bought a scroll labelled FODEOL XUURILE for 33 gold pieces
 32832 | D:15     | Bought a scroll of blinking for 247 gold pieces
 32832 | D:15     | Bought a scroll of blinking for 247 gold pieces
 33149 | Shoals:1 | Entered Level 1 of the Shoals
 33563 | Shoals:1 | Identified the +9 glaive of Disintegration {spect, rElec
                  | Str+2}
 33639 | Shoals:1 | Found Edwaca's Self-Improvement Boutique.
 33647 | Shoals:1 | Bought a manual of Dodging for 1360 gold pieces
 33712 | Shoals:1 | Reached skill level 9 in Spellcasting
 34470 | Shoals:2 | Noticed a kraken
 34553 | Shoals:2 | HP: 7/147 [tentacle[a kraken] (12)]
 35028 | Shoals:2 | Reached skill level 15 in Fighting
 35192 | Shoals:2 | Noticed Polyphemus
 35195 | Shoals:2 | Reached skill level 10 in Spellcasting
 35208 | Shoals:2 | Killed Polyphemus
 35240 | Shoals:2 | Killed a kraken
 35241 | Shoals:2 | Reached skill level 15 in Dodging
 36349 | Shoals:3 | Reached XP level 17. HP: 149/156 MP: 31/31
 36361 | Shoals:3 | Reached skill level 16 in Dodging
 36963 | Shoals:3 | Upgraded the game from 0.27-a0-1456-gf5a1169 to
                  | 0.27-a0-1464-g3d13938
 37050 | Shoals:3 | Identified the +3 shortbow of the Lumpy Realms {vorpal, rN+
                  | Str+4 Int-5}
 37504 | Shoals:4 | Entered Level 4 of the Shoals
 37585 | Shoals:4 | Reached skill level 17 in Dodging
 38043 | Shoals:4 | Noticed a kraken
 38052 | Shoals:4 | Killed a kraken
 38225 | Shoals:4 | Identified a scroll of vulnerability
 38603 | Shoals:4 | Noticed Ilsuiw
 38959 | Shoals:4 | Killed Ilsuiw
 39296 | Shoals:4 | Noticed Mara
 39310 | Shoals:4 | Killed Mara
 39311 | Shoals:4 | Reached skill level 16 in Fighting
 39994 | Shoals:4 | Noticed a kraken
 40129 | Shoals:4 | Killed a kraken
 40196 | Shoals:4 | Got a barnacled rune of Zot
 40346 | Spider:1 | Entered Level 1 of the Spider Nest
 40852 | Spider:1 | Reached skill level 17 in Fighting
 41326 | D:10     | Bought an embroidered cloak for 270 gold pieces
 41342 | D:10     | Bought an ichor-stained cloak for 380 gold pieces
 41342 | D:10     | Identified the -2 cloak of Agaesiag {MP+9} (You bought it
                  | in a shop on level 10 of the Dungeon)
 41342 | D:10     | Bought a pair of runed gloves for 300 gold pieces
 41502 | Spider:2 | Learned a level 2 spell: Blink
 41505 | Spider:2 | Learned a level 2 spell: Passwall
 41511 | Spider:2 | Learned a level 5 spell: Silence
 41561 | Spider:2 | Noticed Arachne
 41807 | Spider:2 | Killed Arachne
 41808 | Spider:2 | Reached skill level 1 in Translocations
 41808 | Spider:2 | Reached skill level 1 in Transmutations
 41808 | Spider:2 | Reached skill level 1 in Earth Magic
 41808 | Spider:2 | Reached XP level 18. HP: 96/169 MP: 32/32
 42056 | Spider:2 | Reached skill level 2 in Translocations
 42056 | Spider:2 | Reached skill level 2 in Transmutations
 42056 | Spider:2 | Reached skill level 2 in Earth Magic
 42563 | Spider:3 | Reached skill level 3 in Earth Magic
 42566 | Spider:3 | Reached skill level 3 in Translocations
 42566 | Spider:3 | Reached skill level 3 in Transmutations
 42570 | Spider:3 | Learned a level 3 spell: Ozocubu's Armour
 42627 | Spider:3 | Reached skill level 1 in Hexes
 42675 | Spider:3 | Reached skill level 1 in Ice Magic
 42925 | Spider:3 | Reached skill level 2 in Hexes
 42955 | Spider:3 | Reached skill level 2 in Ice Magic
 43382 | Spider:4 | Entered Level 4 of the Spider Nest
 43391 | Spider:4 | Reached skill level 3 in Hexes
 43403 | Spider:4 | Reached skill level 3 in Ice Magic
 43605 | Spider:4 | Reached skill level 4 in Hexes
 43620 | Spider:4 | Reached skill level 4 in Ice Magic
 43931 | Spider:4 | Reached skill level 5 in Hexes
 44042 | Spider:4 | Reached skill level 5 in Ice Magic
 44143 | Spider:4 | Reached skill level 6 in Hexes
 44297 | Spider:4 | Reached skill level 6 in Ice Magic
 44315 | Spider:4 | Reached skill level 7 in Hexes
 44634 | Spider:4 | Got a gossamer rune of Zot
 45155 | Elf:1    | Entered Level 1 of the Elven Halls
 45255 | Elf:1    | Reached skill level 7 in Ice Magic
 45530 | Elf:1    | Reached skill level 1 in Air Magic
 45539 | Elf:1    | Reached skill level 8 in Hexes
 45556 | Elf:1    | Reached skill level 2 in Air Magic
 45814 | Elf:1    | Noticed Aizul
 45827 | Elf:1    | Killed Aizul
 46224 | Elf:1    | Reached skill level 3 in Air Magic
 46429 | Elf:1    | Reached XP level 19. HP: 170/177 MP: 33/33
 46473 | Elf:1    | Reached skill level 9 in Hexes
 46475 | Elf:1    | Reached skill level 4 in Air Magic
 46866 | Elf:1    | Found a portal to a secret trove of treasure.
 46958 | Elf:1    | Identified a potion of resistance
 47017 | Elf:2    | Reached skill level 5 in Air Magic
 47189 | Elf:2    | Found Zaopn's Armour Emporium.
 47202 | Elf:2    | Bought the +1 pair of gloves "Ridola" {Rampage Dex+6
                  | Slay+3} for 875 gold pieces
 47223 | Elf:2    | Reached skill level 10 in Hexes
 47325 | Elf:2    | Found a shimmering blue altar of Sif Muna.
 47339 | Elf:2    | Acquired a book of Burglary
 47340 | Elf:2    | Acquired 1084 gold pieces
 47414 | Elf:2    | Reached skill level 6 in Air Magic
 47591 | Elf:2    | Paralysed by an air elemental for 1 turns
 47721 | Elf:2    | Found a runed translucent gate.
 47721 | Elf:2    | Found a runed translucent gate.
 47721 | Elf:2    | Found a runed translucent gate.
 47784 | Elf:2    | Found a runed translucent gate.
 47785 | Elf:2    | Found a runed translucent gate.
 47785 | Elf:2    | Found a runed translucent gate.
 47786 | Elf:2    | Noticed Huol's ghost (adept FoFi)
 47799 | Elf:2    | Killed Huol's ghost
 47805 | Elf:2    | Identified the +2 glaive of Codd {drain, rN+ rCorr Dex-5}
 48006 | Elf:2    | Reached skill level 7 in Air Magic
 48035 | Elf:2    | Reached skill level 11 in Hexes
 48754 | Elf:3    | Entered Level 3 of the Elven Halls
 48968 | Elf:3    | Found Moqoklir's Assorted Antiques.
 48968 | Elf:3    | Found Cesooco's Book Boutique.
 48976 | Elf:3    | Bought an embroidered cloak for 195 gold pieces
 49155 | Elf:3    | Reached skill level 12 in Hexes
 49407 | Elf:3    | Identified the ring "Koumpic" {Ice *Slow rPois Will-
                  | Dex+10}
 49708 | Elf:3    | Reached skill level 18 in Fighting
 49742 | Elf:3    | Reached XP level 20. HP: 65/189 MP: 34/34
 50255 | Elf:3    | Reached skill level 19 in Fighting
 50315 | Elf:3    | Identified the +8 shortbow of Rycsowno {vorpal, MP-9 Int+7}
 50347 | Elf:3    | Identified the +1 scale mail of Obiekk {rPois Int-4 Dex+4}
 50871 | Elf:3    | Identified the +10 chain mail of the Albatross {rPois Str-5
                  | Dex+6}
 50902 | Elf:3    | Got Doteust's Handbook of Creative Unholy Rituals
 50910 | Elf:3    | Identified the ring "Kibban" {Ice rPois Dex+2}
 50960 | Elf:3    | Identified the +3 shortbow "Ehuo" {freeze, Str+8}
 51276 | Vaults:1 | Entered Level 1 of the Vaults
 51892 | Vaults:1 | Found a runed translucent door.
 51892 | Vaults:1 | Noticed Muvus's ghost (adept DsFi)
 51919 | Vaults:1 | Killed Muvus's ghost
 52170 | Vaults:1 | Identified the ring "Jit Nink" {Ice Str+5 Stlth+}
 52196 | Vaults:1 | Reached skill level 20 in Fighting
 52895 | Vaults:1 | Found Ciuxadid's General Store.
 53594 | Vaults:2 | Reached skill level 21 in Fighting
 54228 | Vaults:2 | Reached XP level 21. HP: 187/206 MP: 35/35
 54364 | Vaults:2 | Reached skill level 22 in Fighting
 55079 | Vaults:2 | Found a staircase to the Crypt.
 56068 | Vaults:3 | Reached skill level 23 in Fighting
 57431 | Vaults:3 | Noticed an ancient lich
 57449 | Vaults:3 | Killed an ancient lich
 57450 | Vaults:3 | Reached skill level 24 in Fighting
 58033 | Vaults:4 | Reached XP level 22. HP: 224/224 MP: 36/36
 58621 | Vaults:4 | Reached skill level 25 in Fighting
 59878 | Vaults:4 | Found Punetan's Antique Armour Boutique.
 60182 | Vaults:4 | Upgraded the game from 0.27-a0-1464-g3d13938 to
                  | 0.27-a0-1489-g7631578
 60403 | Depths:1 | Entered Level 1 of the Depths
 60461 | Depths:1 | Noticed Saint Roka
 60477 | Depths:1 | Killed Saint Roka
 60483 | Depths:1 | Reached skill level 26 in Fighting
 61039 | Depths:1 | Identified the +1 ring mail of a Hundred Xenops {Dex+3}
 61040 | Depths:1 | Found a gateway to Hell.
 61346 | Depths:1 | Noticed Asterion
 61355 | Depths:1 | Killed Asterion
 61623 | Depths:1 | Found a glowing silver altar of Zin.
 61623 | Depths:1 | Found a glowing golden altar of the Shining One.
 61624 | Depths:1 | Found a white marble altar of Elyvilon.
 61876 | Depths:2 | Found Gohofuci's Jewellery Boutique.
 61919 | Depths:2 | Found a gateway to a ziggurat.
 61925 | Depths:2 | Paralysed by a floating eye for 4 turns
 61960 | Depths:2 | Paralysed by a floating eye for 3 turns
 61960 | Depths:2 | Gained mutation: Your body sometimes deteriorates upon
                  | taking damage. [a shining eye]
 61981 | Depths:2 | Lost mutation: Your body sometimes deteriorates upon taking
                  | damage. [potion of mutation]
 61981 | Depths:2 | Gained mutation: You passively dampen the noise of your
                  | surroundings. [potion of mutation]
 61981 | Depths:2 | Gained mutation: Your flesh is cold resistant. (rC+)
                  | [potion of mutation]
 61981 | Depths:2 | Gained mutation: You possess an exceptional clarity of
                  | mind. [potion of mutation]
 62032 | Depths:2 | Reached XP level 23. HP: 233/239 MP: 37/37
 62145 | Depths:2 | Reached skill level 27 in Fighting
 62449 | Depths:2 | Reached skill level 11 in Spellcasting
 62461 | Depths:2 | Identified the +0 kite shield of the Bagpipe {-Tele rCorr
                  | Int+4 SInv}
 62721 | Depths:2 | Found Vuibbabice's Neck Hole.
 62923 | Depths:2 | Found a one-way gate to the infinite horrors of the Abyss.
 63101 | Depths:2 | Bought a scroll of fog for 24 gold pieces
 63105 | Depths:2 | Bought a scroll of blinking for 120 gold pieces
 63206 | Depths:3 | Found a snail-covered altar of Cheibriados.
 63218 | Depths:3 | Reached skill level 12 in Spellcasting
 63329 | Depths:3 | Found a glowing golden altar of the Shining One.
 63807 | Depths:3 | Reached skill level 13 in Spellcasting
 64108 | Depths:3 | Found a one-way gate leading to the halls of Pandemonium.
 64147 | Depths:3 | Noticed a juggernaut
 64151 | Depths:3 | Killed a juggernaut
 64527 | Depths:3 | Reached skill level 14 in Spellcasting
 64786 | Depths:3 | Identified the ring "Vaxixky" {rC++ Int+3 SInv}
 64876 | Depths:3 | Got the Tome of Arcane Weapons and Calling
 64939 | Depths:3 | Reached skill level 15 in Spellcasting
 65506 | Depths:4 | Found a magical portal.
 65542 | WizLab   | Entered The Chambers of the Cloud Mage
 65629 | WizLab   | Paralysed by an air elemental for 1 turns
 65635 | WizLab   | Paralysed by an air elemental for 1 turns
 65870 | WizLab   | Reached skill level 16 in Spellcasting
 66078 | WizLab   | Paralysed by an air elemental for 1 turns
 66119 | WizLab   | Paralysed by an air elemental for 1 turns
 66606 | WizLab   | Found the +2 shield of Resistance {rF++ rC++ Will++}
 66608 | WizLab   | Identified the ring "Nuzxe" {Fly rC+ Dex+4}
 66618 | WizLab   | Identified the +1 robe of Melancholy {Will- Regen+ rCorr}
 66633 | WizLab   | Learned a level 4 spell: Airstrike
 66732 | WizLab   | Paralysed by an air elemental for 1 turns
 66852 | Depths:4 | Reached XP level 24. HP: 238/249 MP: 43/43
 67123 | Depths:4 | Reached skill level 17 in Spellcasting
 67238 | Depths:4 | Identified the +1 fustibalus "Zeilown" {vorpal, +Blink
                  | rElec Str+4 Int+3}
 67462 | Depths:4 | Reached skill level 8 in Air Magic
 67768 | Depths:4 | Reached skill level 9 in Air Magic
 67946 | Depths:4 | Reached skill level 10 in Air Magic
 68021 | Depths:4 | Noticed Louise
 68031 | Depths:4 | Killed Louise
 68193 | Depths:4 | Reached skill level 11 in Air Magic
 68608 | Depths:5 | Entered Level 5 of the Depths
 68807 | Depths:5 | Reached skill level 12 in Air Magic
 69460 | Depths:5 | Reached skill level 13 in Air Magic
 70001 | Depths:5 | Found a gate to the Realm of Zot.
 70070 | Depths:5 | Upgraded the game from 0.27-a0-1489-g7631578 to
                  | 0.27-a0-1497-gf8f22f7
 70395 | Crypt:1  | Entered Level 1 of the Crypt
 70486 | Crypt:1  | Reached skill level 14 in Air Magic
 71098 | Crypt:1  | Reached skill level 15 in Air Magic
 71155 | Crypt:1  | Reached XP level 25. HP: 255/257 MP: 44/44
 71377 | Crypt:1  | Found a basalt altar of Yredelemnul.
 71940 | Crypt:2  | Reached skill level 16 in Air Magic
 71948 | Crypt:2  | Noticed Boris
 71959 | Crypt:2  | Killed Boris
 72700 | Crypt:2  | Reached skill level 17 in Air Magic
 73087 | Crypt:3  | Entered Level 3 of the Crypt
 73488 | Crypt:3  | Found the +9 sword of Zonguldrok {reap}
 73488 | Crypt:3  | Found the +8 Vampire's Tooth {vamp}
 73494 | Crypt:3  | Identified the +5 quarterstaff "Udwopaom" {vorpal, rC+
                  | Will- Str+3}
 73750 | Crypt:3  | Found a staircase to the Tomb.
 73756 | Crypt:3  | Reached skill level 18 in Air Magic
 74412 | Crypt:3  | Found an ancient bone altar of Kikubaaqudgha.
 75640 | Depths:2 | Voluntarily entered the Abyss.
 76012 | Abyss:2  | Found an ornate altar of the Wu Jian Council.
 76015 | Abyss:2  | Reached skill level 19 in Air Magic
 76035 | Abyss:2  | Learned a level 5 spell: Fireball
 76097 | Abyss:2  | Reached skill level 1 in Fire Magic
 76136 | Abyss:3  | Identified the ring "Awokh" {rPois rN+ MP+9 Dex+4 Slay+2}
 76187 | Abyss:3  | Reached skill level 2 in Fire Magic
 76200 | Abyss:3  | Found a corrupted altar of Lugonu.
 76261 | Abyss:3  | Reached skill level 3 in Fire Magic
 76298 | Abyss:3  | Reached skill level 4 in Fire Magic
 76379 | Abyss:3  | Reached skill level 5 in Fire Magic
 76398 | Abyss:3  | Reached skill level 6 in Fire Magic
 76410 | Abyss:3  | Reached XP level 26. HP: 143/266 MP: 44/44
 76433 | Abyss:3  | Reached skill level 7 in Fire Magic
 76458 | Abyss:3  | Found a corrupted altar of Lugonu.
 76489 | Abyss:3  | Got an abyssal rune of Zot
 76514 | Abyss:3  | Reached skill level 8 in Fire Magic
 76620 | Depths:2 | Escaped the Abyss
 76924 | Zot:1    | Entered Level 1 of the Realm of Zot
 77068 | Zot:1    | Reached skill level 9 in Fire Magic
 77271 | Zot:2    | Reached skill level 10 in Fire Magic
 77637 | Zot:2    | Reached skill level 11 in Fire Magic
 78175 | Zot:3    | Reached skill level 12 in Fire Magic
 79593 | Zot:3    | Noticed an orb of fire
 79594 | Zot:3    | Gained mutation: You are dopey. (Int -2) [an orb of fire]
 79606 | Zot:3    | Killed an orb of fire
 79607 | Zot:3    | Reached skill level 13 in Fire Magic
 80047 | Zot:5    | Entered Level 5 of the Realm of Zot
 80195 | Zot:5    | Reached skill level 14 in Fire Magic
 81038 | Zot:5    | Reached skill level 15 in Fire Magic
 81044 | Zot:5    | Learned a level 5 spell: Yara's Violent Unravelling
 81087 | Zot:5    | Noticed a dread lich
 81114 | Zot:5    | Killed a dread lich
 81417 | Zot:5    | Reached XP level 27. HP: 237/273 MP: 44/44
 81433 | Zot:5    | Reached skill level 16 in Fire Magic
 81496 | Zot:5    | Noticed an orb of fire
 81503 | Zot:5    | Killed an orb of fire
 82009 | Zot:5    | Reached skill level 17 in Fire Magic
 82072 | Zot:5    | Upgraded the game from 0.27-a0-1497-gf8f22f7 to
                  | 0.27-a0-1499-gf0d5c50
 82374 | Zot:5    | Reached skill level 18 in Fire Magic
 82380 | Zot:5    | Paralysed by a Zot trap for 4 turns
 82704 | Zot:5    | Noticed an orb of fire
 82717 | Zot:5    | Killed an orb of fire
 83000 | Zot:5    | Got the Orb of Zot
 83222 | Depths:4 | Noticed Becsyep the pandemonium lord
 83352 | D:15     | Noticed Kilozyum the pandemonium lord
 83359 | D:15     | Killed Kilozyum the pandemonium lord
 83360 | D:15     | Reached skill level 19 in Fire Magic
 83519 | D:15     | Noticed Boris
 83531 | D:15     | Killed Boris
 83812 | D:5      | Noticed Doaz the pandemonium lord
 84002 | D:$      | Escaped with the Orb!

Illustrated notes

Levels and vault maps discovered:
D:1:      sevenhm_arrival_forest_fort_large_2, layout_loops_ring,
          minmay_tetromino_o4
D:2:      layout_basic, serial_shops, nicolae_shop_window_shopping
D:3:      minmay_angry_zag, layout_loops_ring, item_on_display_a, uniq_ijyb
D:4:      layout_basic, serial_shops, shop, gammafunk_ghost_grave,
          minmay_misc_feat_pillars, minmay_stone_trees_medium,
          kennysheep_small_spiral, minmay_misc_feat_chi, minmay_crystal_water,
          uniq_menkaure
D:5:      layout_basic, chequers_temple_overflow_statue_of_worship,
          serial_shops, nicolae_stop_n_shop_2, water_maze_lemuel, uniq_pikel
D:6:      layout_loops_ring, gammafunk_temple_overflow_pools, item_on_display_a,
          uniq_sigmund
D:7:      layout_loops_ring, minmay_temple_entry_tees,
          nicolae_ossuary_entry_monument, kennysheep_generic_room_9
D:8:      minmay_the_grid_triangle_9x9_rhombus_full
          [minmay_the_grid_triangle_9x9_alien,
          minmay_the_grid_triangle_9x9_stretched_checkered,
          minmay_the_grid_triangle_9x9_corruption,
          minmay_the_grid_triangle_9x9_thin_v,
          minmay_the_grid_triangle_9x9_shrine,
          minmay_the_grid_triangle_9x9_warning,
          minmay_the_grid_triangle_9x9_skeleton,
          minmay_the_grid_triangle_9x9_prize_center], layout_basic,
          nicolae_overflow_crystal_walls, grunt_decor_one_mirror,
          minmay_gold_behind_fungi
D:9:      layout_cross, kennysheep_ying_yang, serial_shops, kennysheep_mini_moat
D:10:     layout_roguey [special_room_orc], erik_lair_dragon, orc_0_dummy,
          serial_aquarium, aquarium_bridge_straight [aquarium_subvault_bridge,
          aquarium_subvault_wall, aquarium_subvault_bridge,
          aquarium_subvault_window], aquarium_window_double,
          aquarium_window_fake, aquarium_view_2b, aquarium_view_2b,
          aquarium_balcony_3b, aquarium_pool_1, columned_hall_lemuel,
          kennysheep_generic_room_2, uniq_maggie, uniq_harold
D:11:     minmay_imperfect_grid, layout_layer_cave, uniq_snorg
D:12:     layout_roguey, minivault_1
D:13:     layout_roguey, david_vaults_2, dk_noncrumbling_4
D:14:     layout_loops_cross, amcnicky_mini_rare_corridor_liquid
D:15:     gammafunk_enter_depths_forms, layout_basic,
          ashenzari_conservatory_becter, lemuel_old_faithful, uniq_jorgrun
Lair:1:   layout_gridlike, gammafunk_ghost_cemetery,
          infiniplex_staircase_pool_2, lemuel_fruit_fields, uniq_joseph
Lair:2:   layout_long_grid, minmay_shoals_entry_centaurs,
          infiniplex_staircase_pool, lemuel_fruit_tree
Lair:3:   layout_regular_city, hibernation_bobbens, serial_bayou_shore_b
Lair:4:   layout_roguey, spider_nest_entry_web_field, grunt_megastairs_4,
          uniq_kirke
Lair:5:   layout_loops_ring, slime_dummy, hellmonk_ghost_happy_afterlife,
          portal_ice_cave_entry_imps
Lair:6:   gammafunk_lair_ancient_temple, layout_long_grid
Shoals:1: layout_shoals, nicolae_shop_self_help
Shoals:2: nicolae_shoals_island_circles, layout_shoals, uniq_polyphemus
Shoals:3: layout_shoals
Shoals:4: shoals_end_hangedman, layout_shoals, shoal_ilsuiw, uniq_mara
Spider:1: layout_spider_delve
Spider:2: layout_spider_delve, uniq_arachne
Spider:3: layout_spider_delve
Spider:4: spider_rune_water, drop_trap, nicolae_crawler_farm
Orc:1:    layout_caves, basic_altar
Orc:2:    st_orc_town, layout_diamond_mine, serial_shops, shop_fountains,
          library_closet
Elf:1:    eino_elf_arrival_sip, layout_geoelf_octagon, enter_trove_5,
          kennysheep_underground_church, uniq_aizul
Elf:2:    layout_geoelf_diagonals, serial_shops, nicolae_shop_behind_doors,
          basic_altar, ebering_ghost_rock_garden
Elf:3:    grunt_elf_hall_diamonds, layout_gridlike, st_stairs_9, drop_trap,
          item_on_display_a, minmay_shoptagon
Vaults:1: gammafunk_vaults_ghost_grave, nicolae_vaults_little_squares_4,
          hangedman_vaults_snaps, v_misc_19, nicolae_vaults_yaktaur_gun_rack,
          nicolae_vaults_network_periphery, layout_vaults_chaotic_city,
          serial_shops, shop
Vaults:2: nicolae_vaults_mini_display_case, v_pattern_2,
          nicolae_vaults_border_crossing, nicolae_vaults_twisting_passages,
          minmay_crypt_entry_skeletal_spiral, ontoclasm_vaults_bender,
          vaults_mumra_minichess_inversion, vaults_dpeg_doors, v_misc_26,
          vaults_room_fancy_cross, layout_vaults_big_cross
Vaults:3: vaults_room_hallway, ontoclasm_vaults_ligature, vaults_room_hallway,
          nicolae_vaults_back_hallway, st_octagons_2, nicolae_vaults_theta,
          v_pattern_5, vaults_room_ringed_pool, ontoclasm_vaults_eye,
          vaults_mumra_lcd, nicolae_vaults_little_ls, v_alt_pattern_5,
          grunt_vaults_diagonal, vaults_standard_mumra_enter_the_diamond,
          hangedman_vaults_stagger, grunt_vaults_swirl,
          nicolae_vaults_little_squares_2, layout_vaults_omnibox
Vaults:4: vaults_room_door_ring, hangedman_vaults_pinch,
          nicolae_vaults_branching_niches, v_rooms_3, vaults_dpeg_cross,
          grunt_vaults_trifunnel, nicolae_vaults_rhombus_6, vaults_room_corners,
          vaults_standard_mumra_enter_the_diamond, vaults_dpeg_diagonal,
          ontoclasm_vaults_tryst, v_misc_4, nicolae_vaults_hallways_thing,
          v_misc_24, layout_vaults_maze_bifur, serial_shops,
          nicolae_shop_temple_entry_statues_fountains
Crypt:1:  layout_rooms, basic_altar, st_chilly_death, grunt_crypt_arrival_split
Crypt:2:  layout_misc_corridors, uniq_boris
Crypt:3:  quadcrypt_mu
Depths:1: layout_basic, serial_aquarium, aquarium_bridge_long_joined
          [aquarium_subvault_balcony, aquarium_subvault_bridge,
          aquarium_subvault_bridge, aquarium_subvault_bridge,
          aquarium_subvault_wall, aquarium_subvault_wall],
          aquarium_bridge_straight [aquarium_subvault_bridge,
          aquarium_subvault_wall, aquarium_subvault_bridge,
          aquarium_subvault_wall], aquarium_window_2, aquarium_window_fake,
          aquarium_window_fake, aquarium_view_2d, good_gods_mini_temple,
          hell_entry, uniq_saint_roka, uniq_asterion
Depths:2: minmay_haunted_quarter, layout_long_grid, enter_ziggurat_d,
          hell_entry, serial_shops, shop_fountains, serial_sigils_hangedman_gut,
          abyss_entry, fountainhead, nicolae_shop_sticking_my_neck_out
Depths:3: evilmike_hourglass, layout_gridlike, pan_entry, cheibriados_altar_1,
          hellmouth_3, nicolae_tso_carved_into_rock
Depths:4: hangedman_hanging_gardens, layout_cave_shapes,
          pf_hell_entry_tar_river, nicolae_abyss_entry_one_way_or_another,
          corexii_leaking_fountain, mu_enter_wizlab_4, minmay_staircase_bubble
Depths:5: grunt_zot_entry_pinwheel, layout_cave_pools,
          grunt_hell_entry_dis_grunt, serial_column_ruins,
          column_ruins_portal_hut, column_ruins_circle_small,
          column_ruins_hut_ruined, column_ruins_columns_straight,
          column_ruins_corridor_corner, column_ruins_corridor_straight,
          column_ruins_open_large, column_ruins_corridor_corner,
          column_ruins_open_small, column_ruins_grid_2, minmay_curled_crystal
Zot:1:    layout_onion_interference
Zot:2:    layout_cathedral_of_symmetry, grunt_ministairs_2, st_stairs_4
Zot:3:    lemuel_firehouse, layout_cathedral_of_symmetry, nrook_zot_tub
Zot:4:    layout_twisted_circle, st_single_dragon_hoard_4
Zot:5:    layout_cellular_growth

Skill      XL: |  1  2  3  4  5  6  7  8  9 10 11 12 13 14 15 16 17 18 19 20 21 22 23 24 25 26 27 |
---------------+----------------------------------------------------------------------------------+-----
Axes           | 3 4 5 6 7 8 |  8.3
Dodging        | 4 6 7 12 14 15 17 | 17.8
Fighting       | 5 6 9 13 15 17 18 21 24 26 27 | 27.0
Spellcasting   | 4 5 10 16 17 | 17.1
Evocations     | 3 |  3.3
Polearms       | 9 13 16 18 19 | 19.8
Translocations | 1 3 |  3.0
Transmutations | 1 3 |  3.0
Earth Magic    | 1 3 |  3.0
Hexes          | 8 12 | 12.0
Ice Magic      | 7 |  7.0
Air Magic      | 3 7 15 19 | 19.0
Fire Magic     | 6 15 19 | 19.5
Shields        | |  3.0

Action                   |  1- 3 |  4- 6 |  7- 9 | 10-12 | 13-15 | 16-18 | 19-21 | 22-24 | 25-27 || total
-------------------------+-------+-------+-------+-------+-------+-------+-------+-------+-------++-------
Melee: War axe           |   115 |   139 |   427 |   297 |       |       |       |       |       ||   978
       Tailslap          |     9 |    10 |    56 |    60 |    78 |    95 |   147 |   190 |   222 ||   867
       Unarmed           |    20 |       |       |       |       |       |       |       |       ||    20
       Glaive            |       |       |       |   151 |   718 |   927 |   921 |  1098 |  1125 ||  4940
       Broad axe         |       |       |       |       |     8 |       |       |       |       ||     8
 Cast: Blink             |       |       |       |       |       |     2 |       |       |     1 ||     3
       Silence           |       |       |       |       |       |       |     3 |       |     1 ||     4
       Ozocubu's Armour  |       |       |       |       |       |       |     1 |     2 |       ||     3
Invok: Call Merchant     |       |       |       |     1 |       |     5 |       |     3 |       ||     9
 Abil: Breathe Dispellin |       |       |     3 |     2 |       |       |       |       |       ||     5
Evoke: Wand              |     2 |     2 |     8 |    15 |     1 |    15 |     1 |     1 |     1 ||    46
  Use: Scroll            |       |     5 |     3 |     4 |    22 |     9 |     8 |     2 |     5 ||    58
       Potion            |       |       |     1 |     4 |     1 |     4 |       |     1 |     6 ||    17
 Stab: Sleeping          |       |       |     1 |     2 |     3 |     2 |    25 |    15 |    24 ||    72
       Distracted        |       |       |       |     5 |    14 |    25 |    36 |    48 |    41 ||   169
       Confused          |       |       |       |     2 |       |       |       |       |       ||     2
Armor: Skin              |    38 |    44 |   126 |   168 |   112 |   164 |   119 |   158 |   191 ||  1120
Dodge: Dodged            |    65 |    62 |   164 |   223 |   219 |   433 |   367 |   437 |   447 ||  2417
Block: Kite shield       |    57 |    77 |   175 |   176 |       |       |       |       |       ||   485

Table legend: (Time is in decaauts)
 A = Elapsed time spent in this place.
 B = Non-inter-level travel time spent in this place.
 C = Inter-level travel time spent in this place.
 D = Time resting spent in this place.
 E = Time spent auto-exploring this place.
 F = Levels seen in this place.
 G = Mean time per level.
                   A        B        C        D        E       F      G
               +--------+--------+--------+--------+--------+-----+--------+
         Total |  83189 |  77241 |   5948 |  22844 |  38761 |  57 | 1459.5 |
       Dungeon |  24915 |  21886 |   3029 |   7254 |  10412 |  15 | 1661.0 |
          Lair |   7010 |   6242 |    768 |    450 |   4682 |   6 | 1168.3 |
        Shoals |   7111 |   6899 |    212 |   2436 |   3530 |   4 | 1777.8 |
   Spider Nest |   4318 |   4104 |    214 |   1209 |   2075 |   4 | 1079.5 |
  Orcish Mines |   1784 |   1687 |     97 |    267 |   1080 |   2 |  892.0 |
   Elven Halls |   5889 |   5649 |    240 |   1834 |   2755 |   3 | 1963.0 |
        Vaults |   9036 |   8521 |    515 |   2065 |   5048 |   4 | 2259.0 |
         Crypt |   4798 |   4590 |    208 |    622 |   3056 |   3 | 1599.3 |
        Depths |   8833 |   8390 |    443 |   1879 |   5063 |   5 | 1766.6 |
           Zot |   6106 |   5887 |    219 |   3751 |    352 |   5 | 1221.2 |
         Abyss |    917 |    917 |      0 |     91 |     47 |   3 |  305.7 |
       Ossuary |    451 |    451 |      0 |     96 |    169 |   1 |  451.0 |
      Ice Cave |    801 |    801 |      0 |    313 |    138 |   1 |  801.0 |
        Wizlab |   1215 |   1215 |      0 |    572 |    353 |   1 | 1215.0 |
               +--------+--------+--------+--------+--------+-----+--------+

Top non-repeatable levels by time:
     D:8: 3410 daAuts
   Zot:5: 2833 daAuts
Shoals:4: 2677 daAuts
    D:10: 2460 daAuts
Vaults:2: 2422 daAuts
Vaults:3: 2416 daAuts
   Elf:3: 2326 daAuts
Vaults:4: 2142 daAuts
 Crypt:3: 2100 daAuts
    D:15: 2083 daAuts
Vaults:1: 2054 daAuts
Shoals:2: 2038 daAuts
Depths:3: 1986 daAuts
Depths:2: 1925 daAuts
     D:7: 1913 daAuts
